 Dungeon Crawl Stone Soup version 0.29-a0-110-g189f89ecda (webtiles) character file.

Game seed: 8553784135673686551

488 Murumi the Fighter (level 7, -5/68 (71) HPs)
             Began as a Hill Orc Hunter on Feb 17, 2022.
             Slain by Crazy Yiuf (13 damage)
             ... on level 3 of the Dungeon.
             The game lasted 00:13:09 (2919 turns).

Murumi the Fighter (Hill Orc Hunter)                Turns: 2919, Time: 00:13:10

HP:   -5/68 (71)    AC:  7    Str: 15    XL:     7   Next: 13%
MP:   7/7           EV: 11    Int: 11    God:
Gold: 144           SH:  5    Dex: 13    Spells: 6/6 levels left

rFire   . . .      SeeInvis .   a - +0 short sword
rCold   . . .      Faith    .   (no shield)
rNeg    . . .      Spirit   .   m - +0 ring mail
rPois   .          Reflect  +   l - +0 helmet
rElec   .          Harm     .   (no cloak)
rCorr   .          Rampage  .   (no gloves)
Will    .....                   (no boots)
Stlth   +.........              g - amulet of reflection
HPRegen 0.21/turn               (no ring)
MPRegen 0.10/turn               (no ring)

@: studying Fighting, lightly drained
A: no striking features
a: no special abilities


You were on level 3 of the Dungeon.
You visited 1 branch of the dungeon, and saw 3 of its levels.

You collected 182 gold pieces.
You spent 38 gold pieces at shops.

Inventory:

Hand Weapons
 a - a +0 short sword (weapon)
 f - a +2 shortbow
Missiles
 d - 33 arrows
Armour
 l - a +0 helmet (worn)
 m - a +0 ring mail (worn)
Jewellery
 g - an amulet of reflection (around neck)
Scrolls
 b - a scroll of magic mapping
 i - a scroll of enchant weapon
Potions
 c - 2 potions of curing {unknown}
 e - 2 potions of attraction
 k - a potion of lignification


   Skills:
 + Level 9.9 Fighting
 - Level 4.0 Bows
 - Level 4.0 Armour
 - Level 2.0 Dodging
 - Level 1.0 Stealth


You had 6 spell levels left.
You didn't know any spells.
Your spell library contained the following spells:

 Spells                   Type           Power      Damage    Failure   Level
 Gell's Gravitas          Tloc           0%         N/A       89%         3
 Lesser Beckoning         Tloc           0%         N/A       89%         3
 Teleport Other           Tloc           0%         N/A       89%         3


Dungeon Overview and Level Annotations

Branches:
Dungeon (3/15)

Altars:

Shops:
D:3 ?

Annotations:
D:3 Crazy Yiuf


Message History

Crazy Yiuf closely misses you.
Crazy Yiuf hits you with a +4 quarterstaff of chaos.
You barely miss Crazy Yiuf.
Crazy Yiuf is heavily wounded.
Crazy Yiuf hits you with a +4 quarterstaff of chaos.
You feel drained.
You hit Crazy Yiuf but do no damage.
Crazy Yiuf is heavily wounded.
Crazy Yiuf hits you with a +4 quarterstaff of chaos.
You closely miss Crazy Yiuf.
Crazy Yiuf is heavily wounded.
Crazy Yiuf grits, "Race!
Mountain mobile agre."
You block Crazy Yiuf's attack.
You hit Crazy Yiuf but do no damage.
Crazy Yiuf is heavily wounded.
Crazy Yiuf yells, "Gum leg sow!"
Crazy Yiuf hits you with a +4 quarterstaff of chaos!
Crazy Yiuf freezes you.
You hit Crazy Yiuf.
Crazy Yiuf is heavily wounded.
Crazy Yiuf hits you with a +4 quarterstaff of chaos!
You are electrocuted!
* * * LOW HITPOINT WARNING * * *
You hit Crazy Yiuf.
Crazy Yiuf is severely wounded.
Crazy Yiuf hits you with a +4 quarterstaff of chaos.
* * * LOW HITPOINT WARNING * * *
You feel drained.
* * * LOW HITPOINT WARNING * * *
You hit Crazy Yiuf but do no damage.
Crazy Yiuf is severely wounded.
Crazy Yiuf closely misses you.
You hit Crazy Yiuf.
Crazy Yiuf is almost dead.
Crazy Yiuf closely misses you.
You hit Crazy Yiuf.
Crazy Yiuf is almost dead.
Crazy Yiuf screams, "Hack stair aubergine!"
Crazy Yiuf hits you with a +4 quarterstaff of chaos!
You die...

#.#
#..##.##.#
#..## #.#
#..#######
#...####
#.#######..#
#≈≈≈≈≈≈###
#..........#
#####
#.).####.<
#########..#
#).)#
#####.####
##.# #)))#
##<#### #.#
)))
######......
#.# #g#
#...........
#.# #@##
######..####
#.# ##)#
#.......#
#.# #)##
#######.#
#.# ##)#
#######.#
#.# ##)##
#.......#
#.# ##.P)#
#########
#.# #P...#
#.# ##..##
#.####....#


You could see Crazy Yiuf.

Vanquished Creatures
  Grinder (D:3)
  Sigmund (D:3)
  3 gnolls (D:3)
  4 adders
  2 dart slugs (D:2)
  4 bats
  5 endoplasms
  2 giant cockroaches
  6 hobgoblins
  4 quokkas
  3 ball pythons
  3 frilled lizards (D:2)
  2 goblins
  4 kobolds (D:2)
  5 rats
49 creatures vanquished.

Notes
Turn   | Place    | Note
-------+----------+-------------------------------------------
     0 | D:1      | Murumi the Hill Orc Hunter began the quest for the Orb.
     0 | D:1      | Reached XP level 1. HP: 18/18 MP: 1/1
   287 | D:1      | Reached XP level 2. HP: 17/25 MP: 2/2
   288 | D:1      | Reached skill level 1 in Stealth
   761 | D:2      | Reached skill level 3 in Fighting
   761 | D:2      | Reached skill level 1 in Armour
   761 | D:2      | Reached XP level 3. HP: 31/31 MP: 3/3
   880 | D:2      | Reached skill level 4 in Fighting
  1133 | D:2      | Reached XP level 4. HP: 40/40 MP: 4/4
  1670 | D:3      | Noticed Sigmund
  1692 | D:3      | HP: 2/41 [something (11)]
  1700 | D:3      | Killed Sigmund
  1701 | D:3      | Reached skill level 5 in Fighting
  1701 | D:3      | Reached skill level 6 in Fighting
  1701 | D:3      | Reached skill level 7 in Fighting
  1701 | D:3      | Reached XP level 5. HP: 25/52 MP: 5/5
  1701 | D:3      | Reached XP level 6. HP: 29/60 MP: 6/6
  1891 | D:3      | Found Acasecs's Magic Scroll Shop.
  1915 | D:3      | Bought a scroll of magic mapping for 38 gold pieces
  2096 | D:3      | Reached skill level 8 in Fighting
  2202 | D:3      | Noticed Grinder
  2220 | D:3      | Paralysed by Grinder for 4 turns
  2235 | D:3      | Paralysed by Grinder for 3 turns
  2256 | D:3      | Paralysed by Grinder for 4 turns
  2277 | D:3      | Killed Grinder
  2278 | D:3      | Reached skill level 9 in Fighting
  2278 | D:3      | Reached XP level 7. HP: 25/71 MP: 7/7
  2648 | D:3      | Found a runed translucent door.
  2649 | D:3      | Noticed Crazy Yiuf
  2919 | D:3      | Slain by Crazy Yiuf

Illustrated notes

Levels and vault maps discovered:
D:1:      minmay_arrival_glassed_features, layout_loops_ring,
          minmay_close_crescents
D:2:      minmay_chambers_of_ones, layout_basic
D:3:      layout_loops_ring, serial_shops, nicolae_shop_crystal,
          chequers_serial_rivers_micro_b, uniq_sigmund, uniq_grinder,
          uniq_crazy_yiuf_cottage

Skill      XL: |  1  2  3  4  5  6 |
---------------+-------------------+-----
Bows           | 4 |  4.0
Stealth        | 1 |  1.0
Dodging        | 2 |  2.0
Fighting       | 3 4 7 9 |  9.9
Armour         | 1 2 3 4 |  4.0

Action                   |  1- 3 |  4- 6 |  7- 9 || total
-------------------------+-------+-------+-------++-------
Melee: Short sword       |    37 |    65 |    22 ||   124
       Punch             |     1 |     1 |     1 ||     3
 Fire: Shortbow          |    39 |    42 |       ||    81
  Use: Scroll            |     6 |     1 |       ||     7
       Potion            |       |     3 |       ||     3
Armor: Leather armour    |     6 |       |       ||     6
       Ring mail         |       |    18 |     4 ||    22
Dodge: Dodged            |    28 |    37 |     9 ||    74
Block: Other             |     2 |    16 |     2 ||    20

Table legend: (Time is in decaauts)
 A = Elapsed time spent in this place.
 B = Non-inter-level travel time spent in this place.
 C = Inter-level travel time spent in this place.
 D = Time resting spent in this place.
 E = Time spent auto-exploring this place.
 F = Levels seen in this place.
 G = Mean time per level.
                   A        B        C        D        E       F      G
               +--------+--------+--------+--------+--------+-----+--------+
         Total |   2906 |   2590 |    316 |     19 |   2113 |   3 |  968.7 |
       Dungeon |   2906 |   2590 |    316 |     19 |   2113 |   3 |  968.7 |
               +--------+--------+--------+--------+--------+-----+--------+

Top non-repeatable levels by time:
     D:3: 1280 daAuts
     D:2: 958 daAuts
     D:1: 668 daAuts
